 Dungeon Crawl Stone Soup version 0.24.1-8-ga250c9d538 (webtiles) character file.

Game seed: 11783318354956410751, levelgen mode: deterministic

16 nightchill the Digger (level 2, 0/16 HPs)
             Began as a Gargoyle Earth Elementalist on Apr 27, 2020.
             Slain by a leopard gecko (2 damage)
             ... on level 1 of the Dungeon.
             The game lasted 00:02:12 (889 turns).

nightchill the Digger (Gargoyle Earth Elementalist)  Turns: 889, Time: 00:02:13

Health: 0/16       AC:  5    Str: 11    XL:     2   Next: 58%
Magic:  4/5        EV: 11    Int: 15    God:
Gold:   19         SH:  0    Dex: 10    Spells: 2/5 levels left

rFire    . . .     SeeInvis .   f - +0 club
rCold    . . .     Gourm    .   (no shield)
rNeg     + . .     Faith    .   i - +0 leather armour (curse)
rPois    ∞         Spirit   .   (no helmet)
rElec    +         Reflect  .   (no cloak)
rCorr    .         Harm     .   (no gloves)
MR       .....                  (no boots)
Stlth    ++........             (no amulet)
HPRegen  0.05/turn              (no ring)
MPRegen  0.09/turn              (no ring)

@: no status effects
A: negative energy resistance 1, electricity resistance, unbreathing,
petrification resistance, rot immunity, AC +2
a: no special abilities


You were on level 1 of the Dungeon.
You were not hungry.

You visited 1 branch of the dungeon, and saw 1 of its levels.

You collected 19 gold pieces.

Inventory:

Hand Weapons
 f - a +0 club (weapon)
Missiles
 b - 25 stones (quivered)
 l - 14 poisoned darts
Armour
 c - a +0 robe
 i - a cursed +0 leather armour (worn)
Jewellery
 h - an uncursed ring of protection from magic {unknown}
Scrolls
 a - a scroll of teleportation {unknown}
 e - a scroll of blinking {unknown}
 g - a scroll of remove curse {unknown}
 m - a scroll of magic mapping {unknown}
Potions
 k - a potion of heal wounds {unknown}
 n - a potion of berserk rage {unknown}
Comestibles
 d - 2 rations
 j - a chunk of flesh


   Skills:
 + Level 1.5 Fighting
 * Level 0.1 Maces & Flails
 - Level 1.5 Dodging
 - Level 2.1 Stealth
 - Level 2.0 Spellcasting
 - Level 0.7 Transmutations
 - Level 4.1 Earth Magic


You had 2 spell levels left.
You knew the following spells:

 Your Spells              Type           Power        Failure   Level  Hunger
a - Sandblast             Erth           ##....       5%          1    #......
b - Passwall              Tmut/Erth      #.......     16%         2    ###....

Your spell library contained the following spells:

 Spells                   Type           Power        Failure   Level  Hunger
 Stone Arrow              Conj/Erth      #.....       36%         3    ###....
 Petrify                  Tmut/Erth      #.......     71%         4    #####..
 Lee's Rapid Deconstruct  Erth           ##........   82%         5    ######.


Dungeon Overview and Level Annotations

Branches:
Dungeon (1/15)

Altars:


Innate Abilities, Weirdness & Mutations

You are resistant to torment.
Your stone body is resilient. (AC +2)
You are immune to poison.
You resist negative energy. (rN+)
You are resistant to electric shocks. (rElec)
You can survive without breathing.
You are immune to petrification.
You are immune to rotting.


Message History

You are too injured to fight recklessly!
You barely miss the leopard gecko.
The leopard gecko bites you but does no damage.
Casting: Sandblast (safe; 5% risk of failure)
Confirm with . or Enter, or press ? or * to list all spells.
Aiming: Sandblast (safe; 5% risk of failure)
Press: ? - help, Shift-Dir - straight line, f - leopard gecko
Aim: a leopard gecko The blast of sand misses the leopard gecko.
b - 25 stones The leopard gecko barely misses you. x2
You hit the leopard gecko but do no damage.
The leopard gecko bites you but does no damage.
You miss the leopard gecko. The leopard gecko bites you.
The leopard gecko closely misses you.
You miss the leopard gecko. The leopard gecko bites you.
You miss the leopard gecko. The leopard gecko bites you.
* * * LOW HITPOINT WARNING * * *
The leopard gecko bites you.
You die...

.#.......# .# ......
###+# .# #...# ...# ####
.###...# #..# #...##
....†.# # ####..##.....#
#####.# #...............
#.......#...........
#####.#.(...........
#.####..@l......
#########.......#.......
.......##.......#....!.#
.......########.#......#
###....# #.######## #
##...# #.# ## ##..# #.#
.## #..########.# ..#
#........##.#


You could see a leopard gecko.

Vanquished Creatures
  An ooze (D:1)
  2 goblins (D:1)
  2 hobgoblins (D:1)
  2 kobolds (D:1)
  6 rats (D:1)
13 creatures vanquished.

Notes
Turn   | Place    | Note
-------+----------+-------------------------------------------
     0 | D:1      | nightchill the Gargoyle Earth Elementalist began the quest
                  | for the Orb.
     0 | D:1      | Reached XP level 1. HP: 10/10 MP: 3/3
    81 | D:1      | Reached skill level 1 in Fighting
    93 | D:1      | Reached skill level 4 in Earth Magic
    93 | D:1      | Reached XP level 2. HP: 7/16 MP: 0/5
   752 | D:1      | Learned a level 2 spell: Passwall
   889 | D:1      | Slain by a leopard gecko

Levels and vault maps discovered:
D:1:      dpeg_arrival_concentric_ovals, layout_loops_corners,
          minmay_rat_gold_closets

Skill      XL: |  1 |
---------------+----+-----
Fighting       | 1 |  1.5
Earth Magic    | 4 |  4.1
Maces & Flails | |  0.1
Dodging        | |  1.5
Stealth        | |  2.1
Spellcasting   | |  2.0
Transmutations | |  0.7

Action                   || total
-------------------------++-------
Melee: Unarmed           ||     5
       Club              ||    49
 Cast: Sandblast         ||     5
 Stab: Sleeping          ||     3
Armor: Robe              ||     3
       Leather armour    ||    13
Dodge: Dodged            ||    36
